 Dungeon Sprint DCSS version 0.31-a0-325-g067879e3d3 (webtiles) character file.

Game seed: 4685715678989962139

3444 Conn the Arsonist (level 10, -7/57 HPs)
             Began as an Octopode Fire Elementalist on July 18, 2023.
             Was a High Priest of Sif Muna.
             Killed from afar by a deep elf knight (20 damage)
             ... with a lance of force
             ... in the Dungeon (Sprint III: "The Ten Rune Challenge").
             The game lasted 00:09:34 (1294 turns).

Conn the Arsonist (Octopode Fire Elementalist)      Turns: 1294, Time: 00:09:35

Health: -7/57      AC:  1    Str:  8    XL:     10   Next: 5%
Magic:  15/26      EV: 14    Int: 22    God:    Sif Muna [*****.]
Gold:   3011       SH:  0    Dex: 12    Spells: 7/33 levels left

rFire   . . .        o - +1 dagger (elec)
rCold   . . .        (no shield)
rNeg    . . .        (helmet restricted)
rPois   .            (no amulet)
rElec   .            (no ring)
rCorr   .            (no ring)
SInv    .            (no ring)
Will    .....        (no ring)
Stlth   ++++         (no ring)
HPRegen 0.29/turn    (no ring)
MPRegen 0.20/turn    (no ring)
                     (no ring)

%: no teleportation
@: no status effects
A: almost no armour, amphibious, 8 rings, camouflage 1, gelatinous body 1,
(nimble swimmer 1), tentacles
a: Renounce Religion, Channel Magic, Forget Spell, Divine Exegesis


You were in the Dungeon.
You worshipped Sif Muna.
Sif Muna was extremely pleased with you.
You visited 1 branch You collected 3683 gold pieces.
You spent 672 gold pieces at shops.

Inventory:

Hand Weapons
 l - a +1 long sword of holy wrath
 o - a +1 dagger of electrocution (weapon)
Scrolls
 j - a scroll of immolation
 m - 2 scrolls of identify
Potions
 a - 2 potions of magic
 b - a potion of curing
 c - a potion of heal wounds
 d - a potion of haste
 e - a potion of berserk rage
 g - a potion of might {unknown}
 h - a potion of invisibility
 i - 2 potions of mutation {unknown}
 k - a potion of resistance {unknown}
 n - a potion of degeneration {unknown}


   Skills:
 + Level 0.7 Fighting
 + Level 1.1 Long Blades
 + Level 5.3 Dodging
 - Level 6.1 Stealth
 + Level 0.3 Unarmed Combat
 + Level 12.1 Spellcasting
 * Level 8.4 Conjurations
 + Level 2.3 Hexes
 * Level 3.2 Summonings
 - Level 4.3 Translocations
 + Level 14.1 Fire Magic
 * Level 3.2 Invocations


You had 7 spell levels left.
You knew the following spells:

 Your Spells              Type           Power      Damage    Failure   Level
a - Foxfire               Conj/Fire      100%       2x1d9     1%          1
b - Scorch                Fire           100%       2d9       1%          2
c - Inner Flame           Hex/Fire       49%        N/A       1%          3
d - Flame Wave            Conj/Fire      58%        2d14      1%          4
e - Iskenderun's Mystic   Conj/Tloc      41%        2d9       3%          4
f - Summon Hydra          Summ           13%        N/A       100%        7
g - Summon Lightning Spi  Summ/Air       20%        N/A       26%         4
h - Summon Small Mammal   Summ           100%       N/A       1%          1

Your spell library contained the following spells:

 Spells                   Type           Power      Damage    Failure   Level
 Volatile Blastmotes      Fire/Tloc      100%       2d18      1%          3
 Portal Projectile        Hex/Tloc       56%        N/A       3%          3
 Tukima's Dance           Hex            23%        N/A       5%          3
 Sublimation of Blood     Necr           13%        N/A       8%          2
 Wereblood                Tmut           13%        N/A       8%          2
 Spellforged Servitor     Conj/Summ      19%        N/A       98%         7
 Disjunction              Tloc           16%        N/A       100%        8


Dungeon Overview and Level Annotations

Branches:
Dungeon (1/1)

Altars:
Dithmenos
Elyvilon
Fedhas
Kikubaaqudgha
Okawaru
Qazlal
Ru
Sif Muna
Trog
Uskayaw
Vehumet
Wu Jian
Yredelemnul
Zin
The Shining One

Shops:
D :


Innate Abilities, Weirdness & Mutations

You cannot wear most types of armour.
You are amphibious.
You can wear up to eight rings at the same time.
Your skin changes colour to match your surroundings (Stealth+).
Your rubbery body absorbs attacks. (AC +1, EV +1)
((You are camouflaged when in or above water. (Stealth+)))
You have tentacles for arms and can constrict up to eight enemies at once.


Message History

Flames lash the deep elf pyromancer.
You kill the deep elf pyromancer!
Sif Muna accepts your kill.
You see here a book of Minor Magic.
Sif Muna grants you a gift!
The deep elf pyromancer points at you and mumbles some strange words.
The bolt of fire hits you!!
Ouch! That really hurt!
Your Long Blades skill increases to level 1!
Your Spellcasting skill increases to level 12!
Your Summonings skill increases to level 3!
Your Invocations skill increases to level 3!
You have reached level 10!
You feel stronger.
Unknown command.
You hear some strange, mumbled words.
The deep elf pyromancer mumbles some strange words.
The deep elf pyromancer blinks!
You see here a +0 club.
Things that are here:
a +0 short sword; a +0 trident; a +0 robe
Items here: )) [[ ÷.
You hear some strange, mumbled words.
A shard of ice appears from out of thin air!
The shard of ice misses you.
There is an open door to the Orcish Mines, spattered with blood here.
Things that are here:
a +0 trident; a +2 robe of cold resistance You close the door.
Something unseen opens the door.
You feel much better. Something hits you!!
You feel much better. Something hits you!! Something hits you!
* * * LOW HITPOINT WARNING * * *
Blink to where?
Press: ? - help, Dir - move target
As you read the scroll of blinking, it crumbles to dust.
Items here: )) [[ ÷.
You hear some strange, mumbled words.
A lance of force appears from out of thin air!
The lance of force hits you!!
You die...

♣♣♣.###'#'###'##.).○○.....#§#e..≈
♣.♣.#....).....#).)e..)..##)#...#
.♣..'.⌠........#)))#:#∩.#.#.e...#
~.♣.#...######'#e#.#..#.#########
....#.⌠.# #...#'########
....#...# #...#.{..#.#.#
....#'### #...##.#..#.##
....#.).# #...)##{#.#.#
....#___#__+...#@).#.)#..#
▓▓▓▓▓▓▓▓▓▓▓▓▓▓▓▓▓▓▓▓▓▓▓▓▓▓


There were no monsters in sight!

Vanquished Creatures
  A deep elf knight (D)
  2 deep elf pyromancers (D)
  An orc sorcerer (D)
  An orc knight (D)
  A shadow (D)
  2 orc warriors (D)
  3 two-headed ogres (D)
  A necrophage (D)
  A water elemental (D)
  A jelly (D)
  2 orc priests (D)
  A wizard (D)
  3 orc wizards (D)
  A necromancer (D)
  A kobold demonologist (D)
  3 humans (D)
  A wolf (D)
  9 orcs (D)
  2 endoplasms (D)
  2 rats (D)
39 creatures vanquished.

Vanquished Creatures (others)
  65 foxfires (D)
65 creatures vanquished.

Grand Total: 104 creatures vanquished

Notes
Turn   | Place    | Note
-------+----------+-------------------------------------------
     0 | D        | Conn the Octopode Fire Elementalist began the quest for the
                  | Orb.
     0 | D        | Reached XP level 1. HP: 11/11 MP: 3/3
    87 | D        | Noticed a wolf
    99 | D        | Reached skill level 4 in Fire Magic
    99 | D        | Reached XP level 2. HP: 12/17 MP: 0/6
   104 | D        | Learned a level 2 spell: Scorch
   167 | D        | Reached skill level 5 in Fire Magic
   167 | D        | Reached XP level 3. HP: 21/21 MP: 3/7
   208 | D        | Learned a level 3 spell: Inner Flame
   245 | D        | Noticed a water elemental
   247 | D        | Killed a water elemental
   248 | D        | Reached skill level 6 in Fire Magic
   248 | D        | Reached XP level 4. HP: 27/27 MP: 3/10
   253 | D        | Found a radiant altar of Vehumet.
   253 | D        | Found a shimmering blue altar of Sif Muna.
   253 | D        | Found an ancient bone altar of Kikubaaqudgha.
   253 | D        | Noticed a wizard
   254 | D        | Killed a wizard
   255 | D        | Reached skill level 7 in Fire Magic
   255 | D        | Reached XP level 5. HP: 31/31 MP: 2/12
   265 | D        | Became a worshipper of Sif Muna the Loreminder
   276 | D        | Found a hide-covered altar of Uskayaw.
   276 | D        | Found an iron altar of Okawaru.
   276 | D        | Found a bloodstained altar of Trog.
   276 | D        | Found an ornate altar of the Wu Jian Council.
   276 | D        | Noticed a human
   276 | D        | Noticed a human
   289 | D        | Killed a human
   290 | D        | Reached skill level 5 in Stealth
   290 | D        | Reached skill level 9 in Fire Magic
   290 | D        | Reached XP level 6. HP: 22/36 MP: 5/15
   302 | D        | Killed a human
   303 | D        | Reached skill level 10 in Fire Magic
   309 | D        | Learned a level 4 spell: Flame Wave
   314 | D        | Learned a level 4 spell: Iskenderun's Mystic Blast
   425 | D        | Found a basalt altar of Yredelemnul.
   425 | D        | Found a shadowy altar of Dithmenos.
   425 | D        | Found a sacrificial altar of Ru.
   430 | D        | Reached * piety under Sif Muna
   431 | D        | Reached skill level 1 in Translocations
   431 | D        | Reached XP level 7. HP: 41/41 MP: 13/18
   493 | D        | Found a glowing silver altar of Zin.
   493 | D        | Found a glowing golden altar of the Shining One.
   493 | D        | Found a white marble altar of Elyvilon.
   494 | D        | Noticed a deep elf pyromancer
   497 | D        | Noticed a fire elemental
   498 | D        | Killed a deep elf pyromancer
   499 | D        | Reached skill level 5 in Dodging
   499 | D        | Reached skill level 5 in Conjurations
   499 | D        | Reached skill level 11 in Fire Magic
   499 | D        | Reached XP level 8. HP: 46/46 MP: 10/20
   573 | D        | Reached ** piety under Sif Muna
   573 | D        | Noticed a shadow
   577 | D        | Killed a shadow
   578 | D        | Reached skill level 12 in Fire Magic
   797 | D        | Reached *** piety under Sif Muna
   824 | D        | Found a blossoming altar of Fedhas.
   825 | D        | Found a stormy altar of Qazlal.
   850 | D        | Noticed an orc knight
   856 | D        | Killed an orc knight
   856 | D        | Reached **** piety under Sif Muna
   857 | D        | Reached skill level 10 in Spellcasting
   857 | D        | Reached skill level 1 in Hexes
   857 | D        | Reached skill level 13 in Fire Magic
   857 | D        | Reached XP level 9. HP: 51/51 MP: 15/23
   867 | D        | Reached ***** piety under Sif Muna
   867 | D        | Killed an orc sorcerer
   883 | D        | Received a gift from Sif Muna
  1038 | D        | Found Fiozeg's Book Emporium.
  1100 | D        | Learned a level 7 spell: Summon Hydra
  1100 | D        | Bought the Thoughts on the Geodesic and Calling for 672
                  | gold pieces
  1105 | D        | Learned a level 4 spell: Summon Lightning Spire
  1107 | D        | Learned a level 1 spell: Summon Small Mammal
  1111 | D        | Noticed a deep elf knight
  1111 | D        | Noticed a deep elf knight
  1111 | D        | Noticed a deep elf pyromancer
  1111 | D        | Noticed a deep elf knight
  1111 | D        | Noticed a deep elf pyromancer
  1266 | D        | Killed a deep elf knight
  1267 | D        | Reached skill level 14 in Fire Magic
  1282 | D        | Killed a deep elf pyromancer
  1282 | D        | Received a gift from Sif Muna
  1283 | D        | Reached skill level 1 in Long Blades
  1283 | D        | Reached XP level 10. HP: 24/57 MP: 13/26
  1294 | D        | Killed from afar by a deep elf knight

Illustrated notes

Levels and vault maps discovered:
D:        dungeon_sprint_mu [sprint_mu_entry_forest, sprint_mu_temple_rooms,
          sprint_mu_d1_spiders, sprint_mu_d2_genie, sprint_mu_d3_branching,
          sprint_mu_orc_legion, sprint_mu_elf_gauntlet, sprint_mu_hive_nellie,
          sprint_mu_lair_fedhas, sprint_mu_vaults_butterflies,
          sprint_mu_slime_circle, sprint_mu_swamp_cave, sprint_mu_snake_twists,
          sprint_mu_blade_basic, sprint_mu_crypt_fortress,
          sprint_mu_tomb_spiral, sprint_mu_vestibule_basic,
          sprint_mu_gehenna_hellfire, sprint_mu_dis_giant,
          sprint_mu_tartarus_statrot, sprint_mu_cocytus_islands, sprint_mu_zot1]

Skill      XL: |  1  2  3  4  5  6  7  8  9 |
---------------+----------------------------+-----
Stealth        | 3 4 5 6 |  6.1
Spellcasting   | 3 4 6 7 8 10 12 | 12.1
Fire Magic     | 4 5 6 7 9 10 11 13 14 | 14.1
Dodging        | 3 4 5 |  5.3
Conjurations   | 2 3 5 6 8 |  8.4
Translocations | 1 3 4 |  4.3
Hexes          | 1 2 |  2.3
Summonings     | 3 |  3.2
Invocations    | 3 |  3.2
Long Blades    | 1 |  1.1
Fighting       | |  0.7
Unarmed Combat | |  0.3

Action                     |  1- 3 |  4- 6 |  7- 9 | 10-12 || total
---------------------------+-------+-------+-------+-------++-------
  Melee: Unarmed           |     8 |     5 |       |       ||    13
         Tentacles         |     4 |     1 |     2 |       ||     7
         Constrict         |     1 |     1 |     4 |       ||     6
         Long sword        |       |       |    14 |       ||    14
   Cast: Foxfire           |    11 |     5 |    22 |       ||    38
         Scorch            |     2 |     9 |    22 |       ||    33
         Inner Flame       |       |       |     6 |       ||     6
         Flame Wave        |       |       |     1 |       ||     1
         Summon Small Mamm |       |       |    11 |       ||    11
    Use: Potion            |     2 |     1 |       |     2 ||     5
         Scroll            |       |     1 |     1 |     1 ||     3
  Dodge: Dodged            |     4 |     5 |    11 |     1 ||    21

Table legend: (Time is in decaauts)
 A = Elapsed time spent in this place.
 B = Non-inter-level travel time spent in this place.
 C = Inter-level travel time spent in this place.
 D = Time resting spent in this place.
 E = Time spent auto-exploring this place.
 F = Levels seen in this place.
 G = Mean time per level.
                   A        B        C        D        E       F      G
               +--------+--------+--------+--------+--------+-----+--------+
         Total |   1298 |   1298 |      0 |    694 |      0 |   1 | 1298.0 |
       Dungeon |   1298 |   1298 |      0 |    694 |      0 |   1 | 1298.0 |
               +--------+--------+--------+--------+--------+-----+--------+

Top non-repeatable levels by time:
       D: 1298 daAuts
